 Dungeon Crawl Stone Soup version 0.28.0 (webtiles) character file.

Game seed: 6927204376536831761

157 Host24 the Bolt Thrower (level 5, 0/33 HPs)
             Began as a Kobold Hunter on Mar 5, 2022.
             Slain by a gnoll (6 damage)
             ... on level 3 of the Dungeon.
             The game lasted 00:05:18 (3666 turns).

Host24 the Bolt Thrower (Kobold Hunter)             Turns: 3666, Time: 00:05:19

Health: 0/33       AC:  3    Str: 11    XL:     5   Next: 66%
Magic:  5/5        EV: 14    Int: 13    God:
Gold:   124        SH:  0    Dex: 15    Spells: 4/4 levels left

rFire   . . .      SeeInvis .   a - +1 hand crossbow
rCold   . . .      Faith    .   (no shield)
rNeg    . . .      Spirit   .   c - +0 leather armour
rPois   .          Reflect  .   (no helmet)
rElec   .          Harm     .   l - scarf {repulsion}
rCorr   .          Rampage  .   (no gloves)
Will    .....                   (no boots)
Stlth   +++.......              (no amulet)
HPRegen 0.11/turn               (no ring)
MPRegen 0.09/turn               (no ring)

@: repel missiles
A: small, no large weapons, nightstalker 3
a: no special abilities


You were on level 3 of the Dungeon.
You visited 1 branch of the dungeon, and saw 3 of its levels.

You collected 124 gold pieces.

Inventory:

Hand Weapons
 a - a +1 hand crossbow (weapon)
 e - a +1 whip of venom
Missiles
 b - 74 stones
 d - 3 bolts (quivered ammo)
 h - 16 arrows
 j - 13 poisoned darts
Armour
 c - a +0 leather armour (worn)
 l - a scarf of repulsion (worn)
Scrolls
 g - 3 scrolls of identify {unknown}
 i - a scroll of amnesia {unknown}
 n - a scroll of noise {unknown}
Potions
 f - a potion of heal wounds {unknown}
 k - a potion of magic {unknown}
 m - a potion of attraction {unknown}


   Skills:
 - Level 4.0 Fighting
 + Level 6.5 Crossbows
 - Level 3.0 Dodging
 - Level 1.3 Stealth


You had 4 spell levels left.
You didn't know any spells.
Your spell library contained the following spells:

 Spells                   Type           Power      Damage    Failure   Level
 Ensorcelled Hibernation  Hex/Ice        0%         N/A       52%         2
 Ozocubu's Armour         Ice            0%         N/A       77%         3
 Spider Form              Tmut/Pois      0%         N/A       77%         3
 Anguish                  Hex/Necr       0%         N/A       99%         4
 Ozocubu's Refrigeration  Ice            0%         4d5       100%        7


Dungeon Overview and Level Annotations

Branches:
Dungeon (3/15)

Altars:

Shops:
D:1 :

Annotations:
D:3 1 runed translucent door, 1 transporter, Crazy Yiuf; Taxman66's ghost, weakling TeAE


Innate Abilities, Weirdness & Mutations

You are small and have problems with some larger weapons.
You are completely attuned to the shadows.


Message History

d - 8 bolts (gained 3)
Items here: )) ††.
Fire: 8 bolts
Press: ? - help, Q - select action, (/) - cycle Shift-Dir - straight line, f - gnoll
Aim: a gnoll, wielding a +0 flail (71% to hit)
You shoot a bolt. The bolt hits the gnoll!
The gnoll is severely wounded.
Unknown command.
Fire: 7 bolts
Press: ? - help, Q - select action, (/) - cycle Shift-Dir - straight line, f/p - gnoll
Aim: a gnoll, wielding a +0 flail (severely wounded, 71% to hit)
You shoot a bolt. The bolt barely misses the gnoll.
Unknown command.
Fire: 6 bolts
Press: ? - help, Q - select action, (/) - cycle Shift-Dir - straight line, f/p - gnoll
Aim: a gnoll, wielding a +0 flail (severely wounded, 71% to hit)
You shoot a bolt. The bolt barely misses the gnoll.
Unknown command.
Fire: 5 bolts
Press: ? - help, Q - select action, (/) - cycle Shift-Dir - straight line, f/p - gnoll
Aim: a gnoll, wielding a +0 flail (severely wounded, 71% to hit)
You shoot a bolt. The bolt closely misses the gnoll.
The gnoll closely misses you.
Unknown command.
Fire: 4 bolts
Press: ? - help, Q - select action, (/) - cycle Shift-Dir - straight line, f/p - gnoll
Aim: a gnoll, wielding a +0 flail (severely wounded, 71% to hit)
You shoot a bolt. The gnoll shouts!
The bolt hits the gnoll.
You kill the gnoll!
Things that are here:
a bolt; a +0 flail; a gnoll corpse The gnoll shaman mumbles some strange prayers to its god against you.
You resist with some effort.
You see here a bolt.
The gnoll barely misses you.
You see here a bolt.
The gnoll hits you with a +0 flail.
You die...

##.# ##### ##.#.#.####.######
##.# #...#######....#.###...#####
##.###...........................
##......≈≈≈≈≈≈≈≈≈≈≈≈≈≈≈≈≈≈≈≈≈≈≈≈≈
######..≈≈≈≈≈≈≈≈≈≈≈≈≈≈≈≈≈≈≈≈≈≈≈≈≈
# #..≈≈#####...........#####≈≈ #
#..≈≈#.#.#.###.©.###.#.#.#≈≈ #
#..≈≈#...###(#####.### .#≈≈
#..≈≈###...@ggW).)(((. ##≈≈ ###
#..≈≈.8#.######'######. 8.≈≈
##.###..≈≈.##.#.⌠.#..8#=.$#.##.≈≈
#...##..≈≈.#g.'.....©⌠#:W.' #.≈≈
........≈≈.##.#.⌠.#.W8#...# #.≈≈
#.......≈≈.8#g######'######. 8.≈≈
#..###..≈≈### ............. ##≈≈
#.## #..≈≈#. ###.#####©### .#≈≈
#.# ##..≈≈#g#.#.###.©.###.#g#g#≈≈


You could see a gnoll shaman, Taxman66's ghost and a gnoll.

Vanquished Creatures
  6 gnolls (D:3)
  4 adders
  2 dart slugs (D:3)
  2 orcs (D:3)
  7 bats
  8 endoplasms
  3 giant cockroaches
  4 goblins
  4 hobgoblins
  4 quokkas
  3 ball pythons
  3 frilled lizards
  3 kobolds
  8 rats
61 creatures vanquished.

Vanquished Creatures (others)
  6 plants (D:3)
6 creatures vanquished.

Grand Total: 67 creatures vanquished

Notes
Turn   | Place    | Note
-------+----------+-------------------------------------------
     0 | D:1      | Host24 the Kobold Hunter began the quest for the Orb.
     0 | D:1      | Reached XP level 1. HP: 12/12 MP: 1/1
    76 | D:1      | Reached skill level 5 in Crossbows
   158 | D:1      | Found Fimameo's Book Boutique.
   185 | D:1      | Reached XP level 2. HP: 17/17 MP: 2/2
   730 | D:1      | Reached XP level 3. HP: 18/23 MP: 3/3
  1111 | D:2      | Found a faded altar of an unknown god.
  1617 | D:2      | Reached XP level 4. HP: 26/29 MP: 4/4
  3067 | D:3      | Found a runed translucent door.
  3070 | D:3      | Noticed Crazy Yiuf
  3155 | D:3      | Reached XP level 5. HP: 32/33 MP: 5/5
  3217 | D:3      | Identified the +4 spear "Ateh" {venom, rC- rN+ Str+4 Dex+3}
  3255 | D:3      | Found a transporter.
  3256 | D:3      | Found a transporter.
  3633 | D:3      | Noticed Taxman66's ghost (weakling TeAE)
  3638 | D:3      | Reached skill level 6 in Crossbows
  3666 | D:3      | Slain by a gnoll

Illustrated notes

Levels and vault maps discovered:
D:1:      sevenhm_arrival_forest_fort_large_1, layout_basic, serial_shops, shop
D:2:      layout_rooms, dreamdust_ecumenical_altar_statues
D:3:      layout_loops_corners, gammafunk_ghost_gnarly_gnolls, minmay_pentangle,
          uniq_crazy_yiuf_cottage

Skill      XL: |  1  2  3  4  5 |
---------------+----------------+-----
Crossbows      | 5 6 |  6.5
Fighting       | 3 4 |  4.0
Dodging        | 3 |  3.0
Stealth        | |  1.3

Action                   |  1- 3 |  4- 6 || total
-------------------------+-------+-------++-------
Melee: Whip              |    75 |    74 ||   149
       Short sword       |     8 |       ||     8
 Fire: Hand crossbow     |       |    20 ||    20
 Stab: Sleeping          |     5 |    11 ||    16
Armor: Leather armour    |    25 |     9 ||    34
Dodge: Dodged            |    86 |    57 ||   143
